| TOP OF THE 1ST |
|
Omaha Storm Chasers batting - Pitching for Nashville Sounds : RHP Carlos Alaniz
|
|
Pitching: RHP Carlos Alaniz
|
|
|
Batting: LHB Jim Pankratz
|
0-0: Called Strike 0-1: Foul Ball, location: 2F 0-2: SINGLE (Groundball, 34S, EV 65.6 MPH) (infield hit)
|
|
Batting: RHB Taisei Fujii
|
0-0: Called Strike Jim Pankratz steals 2nd base 0-1: Swinging Strike 0-2: Ball 1-2: Foul Ball, location: 2F 1-2: Ground out 6-3 (Groundball, 6, EV 94.4 MPH)
|
|
Batting: LHB Shigeru Ono
|
0-0: Called Strike 0-1: Swinging Strike 0-2: Ground out 4-3 (Groundball, 4, EV 80.6 MPH) Jim Pankratz to third
|
|
Batting: RHB Ken Postlethwaite
|
0-0: Ball 1-0: Foul Ball, location: 2F 1-1: Called Strike 1-2: Ball 2-2: Ground out 4-3 (Groundball, 4, EV 80.0 MPH)
|
| Top of the 1st over - 0 runs, 1 hit, 0 errors, 1 left on base; Omaha 0 - Nashville 0 |
| BOTTOM OF THE 1ST |
|
Nashville Sounds batting - Pitching for Omaha Storm Chasers : RHP Joe Noonan
|
|
Pitching: RHP Joe Noonan
|
|
|
Batting: RHB Jeff Garofalo
|
0-0: Called Strike 0-1: Ball 1-1: Ground out 4-3 (Groundball, 4, EV 97.5 MPH)
|
|
Batting: SHB Robert Santiago
|
0-0: Called Strike 0-1: Ball 1-1: Foul Ball, location: 2F 1-2: SINGLE (Groundball, 5L, EV 105.0 MPH) (infield hit)
|
|
Batting: RHB Tim Cordle
|
0-0: Called Strike 0-1: Ball Robert Santiago steals 2nd base 1-1: Called Strike 1-2: Foul Ball, location: 2F 1-2: Foul Ball, location: 2F 1-2: Foul Ball, location: 2F 1-2: Strikes out swinging
|
|
Batting: RHB David Herrera
|
0-0: Foul Ball, location: 2F 0-1: Swinging Strike 0-2: Strikes out swinging
|
| Bottom of the 1st over - 0 runs, 1 hit, 0 errors, 1 left on base; Omaha 0 - Nashville 0 |
| TOP OF THE 2ND |
|
Omaha Storm Chasers batting - Pitching for Nashville Sounds : RHP Carlos Alaniz
|
|
Batting: RHB Danny Weisse
|
0-0: Ball 1-0: Called Strike 1-1: Foul Ball, location: 2F 1-2: Ball 2-2: Foul Ball, location: 2F 2-2: Fly out, F8 (Flyball, 8RXD, EV 103.1 MPH)
|
|
Batting: SHB Francisco Gutierrez
|
0-0: Swinging Strike 0-1: Called Strike 0-2: Ball 1-2: Strikes out swinging
|
|
Batting: LHB Danny Bailey
|
0-0: Swinging Strike 0-1: Ball 1-1: SOLO HOME RUN (Flyball, 89XD, EV 108.8 MPH) (Inside the Park)
|
|
Batting: RHB Yuichi Takata
|
0-0: Foul Ball, location: 2F 0-1: Swinging Strike 0-2: Strikes out swinging
|
| Top of the 2nd over - 1 run, 1 hit, 0 errors, 0 left on base; Omaha 1 - Nashville 0 |
| BOTTOM OF THE 2ND |
|
Nashville Sounds batting - Pitching for Omaha Storm Chasers : RHP Joe Noonan
|
|
Batting: LHB Tomas Segarra
|
0-0: Ball 1-0: Called Strike 1-1: Ball 2-1: Ball 3-1: Called Strike 3-2: Strikes out looking
|
|
Batting: RHB Ryan Kinkead
|
0-0: Ball 1-0: Called Strike 1-1: Called Strike 1-2: Foul Ball, location: 2F 1-2: SINGLE (Groundball, 6MD, EV 98.1 MPH)
|
|
Batting: SHB D.J. Codd
|
0-0: Ball 1-0: Called Strike 1-1: Reached on error, E2 (Groundball, 2L, EV 68.8 MPH) Ryan Kinkead to second
|
|
Batting: RHB Robby Godwin
|
0-0: Called Strike 0-1: Ball 1-1: Fielders Choice at 2nd, 4-6 (Groundball, 4M, EV 100.6 MPH) Ryan Kinkead to third
|
|
Batting: LHB Gregg Power
|
0-0: Ball 1-0: Ball 2-0: Fly out, F9 (Line Drive, 89M, EV 105.0 MPH)
|
| Bottom of the 2nd over - 0 runs, 1 hit, 1 error, 2 left on base; Omaha 1 - Nashville 0 |
| TOP OF THE 3RD |
|
Omaha Storm Chasers batting - Pitching for Nashville Sounds : RHP Carlos Alaniz
|
|
Batting: RHB Kevin Roseen
|
0-0: Swinging Strike 0-1: Called Strike 0-2: Ground out 4-3 (Groundball, 4S, EV 86.2 MPH)
|
|
Batting: LHB Jim Pankratz
|
0-0: Called Strike 0-1: Fly out, F8 (Flyball, 8LD, EV 100.6 MPH)
|
|
Batting: RHB Taisei Fujii
|
0-0: Ball 1-0: Called Strike 1-1: Called Strike 1-2: Strikes out swinging, 2-3 out at first.
|
| Top of the 3rd over - 0 runs, 0 hits, 0 errors, 0 left on base; Omaha 1 - Nashville 0 |
| BOTTOM OF THE 3RD |
|
Nashville Sounds batting - Pitching for Omaha Storm Chasers : RHP Joe Noonan
|
|
Batting: RHB Jeff Garofalo
|
0-0: Foul Ball, location: 2F 0-1: Swinging Strike 0-2: Foul Ball, location: 2F 0-2: Foul Ball, location: 2F 0-2: Foul Ball, location: 2F 0-2: Strikes out swinging
|
|
Batting: SHB Robert Santiago
|
0-0: Ball 1-0: Called Strike 1-1: Ground out 4-3 (Groundball, 4D, EV 110.0 MPH)
|
|
Batting: RHB Tim Cordle
|
0-0: Called Strike 0-1: Foul Ball, location: 2F 0-2: Foul Ball, location: 2F 0-2: Ball 1-2: Foul Ball, location: 2F 1-2: Ball 2-2: Strikes out swinging
|
| Bottom of the 3rd over - 0 runs, 0 hits, 0 errors, 0 left on base; Omaha 1 - Nashville 0 |
| TOP OF THE 4TH |
|
Omaha Storm Chasers batting - Pitching for Nashville Sounds : RHP Carlos Alaniz
|
|
Batting: LHB Shigeru Ono
|
0-0: Called Strike 0-1: Ball 1-1: Ground out 1-3 (Groundball, 13S, EV 68.1 MPH)
|
|
Batting: RHB Ken Postlethwaite
|
0-0: Foul Ball, location: 2F 0-1: SINGLE (Groundball, 6D, EV 103.1 MPH)
|
|
Batting: RHB Danny Weisse
|
0-0: Ball 1-0: Foul Ball, location: 2F 1-1: Ball 2-1: Swinging Strike 2-2: Grounds into double play, 4-6-3 (Groundball, 34S, EV 86.9 MPH)
|
| Top of the 4th over - 0 runs, 1 hit, 0 errors, 0 left on base; Omaha 1 - Nashville 0 |
| BOTTOM OF THE 4TH |
|
Nashville Sounds batting - Pitching for Omaha Storm Chasers : RHP Joe Noonan
|
|
Pitching: RHP Gan Ts'ong
|
|
|
Batting: RHB David Herrera
|
0-0: Ground out 6-3 (Groundball, 56, EV 97.5 MPH)
|
|
Batting: LHB Tomas Segarra
|
0-0: Ball 1-0: Swinging Strike 1-1: Foul Ball, location: 2F 1-2: Ball 2-2: Ball 3-2: Strikes out swinging
|
|
Batting: RHB Ryan Kinkead
|
0-0: Swinging Strike 0-1: Ball 1-1: Ball 2-1: Foul Ball, location: 2F 2-2: Fly out, F7 (Flyball, 7D, EV 92.5 MPH)
|
| Bottom of the 4th over - 0 runs, 0 hits, 0 errors, 0 left on base; Omaha 1 - Nashville 0 |
| TOP OF THE 5TH |
|
Omaha Storm Chasers batting - Pitching for Nashville Sounds : RHP Carlos Alaniz
|
|
Batting: SHB Francisco Gutierrez
|
0-0: Called Strike 0-1: Called Strike 0-2: Strikes out swinging
|
|
Batting: LHB Danny Bailey
|
0-0: Called Strike 0-1: Ground out 6-3 (Groundball, 4MS, EV 66.9 MPH)
|
|
Batting: RHB Yuichi Takata
|
0-0: Ball 1-0: Ball 2-0: Ball 3-0: Called Strike 3-1: Fly out, F7 (Flyball, 7D, EV 91.2 MPH)
|
| Top of the 5th over - 0 runs, 0 hits, 0 errors, 0 left on base; Omaha 1 - Nashville 0 |
| BOTTOM OF THE 5TH |
|
Nashville Sounds batting - Pitching for Omaha Storm Chasers : RHP Gan Ts'ong
|
|
Batting: SHB D.J. Codd
|
0-0: Ball 1-0: Swinging Strike 1-1: Swinging Strike 1-2: Ball 2-2: Foul Ball, location: 2F 2-2: Foul Ball, location: 2F 2-2: Strikes out swinging
|
|
Batting: RHB Robby Godwin
|
0-0: Ground out U3 (Groundball, 3L, EV 84.4 MPH)
|
|
Batting: LHB Gregg Power
|
0-0: Called Strike 0-1: Swinging Strike 0-2: Ground out U3 (Groundball, 3L, EV 108.1 MPH)
|
| Bottom of the 5th over - 0 runs, 0 hits, 0 errors, 0 left on base; Omaha 1 - Nashville 0 |
| TOP OF THE 6TH |
|
Omaha Storm Chasers batting - Pitching for Nashville Sounds : RHP Carlos Alaniz
|
|
Batting: RHB Kevin Roseen
|
0-0: Ball 1-0: Called Strike 1-1: Called Strike 1-2: Ball 2-2: SINGLE (Groundball, 34D, EV 106.9 MPH)
|
|
Batting: LHB Jim Pankratz
|
0-0: Called Strike 0-1: Swinging Strike 0-2: Fly out, F4 (Line Drive, 4M, EV 68.1 MPH)
|
|
Batting: RHB Taisei Fujii
|
0-0: Ball 1-0: Swinging Strike 1-1: Grounds into double play, 5-4-3 (Groundball, 56, EV 106.2 MPH)
|
| Top of the 6th over - 0 runs, 1 hit, 0 errors, 0 left on base; Omaha 1 - Nashville 0 |
| BOTTOM OF THE 6TH |
|
Nashville Sounds batting - Pitching for Omaha Storm Chasers : RHP Gan Ts'ong
|
|
Batting: RHB Jeff Garofalo
|
0-0: Foul Ball, location: 2F 0-1: Called Strike 0-2: Foul Ball, location: 2F 0-2: Strikes out swinging
|
|
Batting: SHB Robert Santiago
|
0-0: Foul Ball, location: 2F 0-1: Ball 1-1: Ball 2-1: Ball 3-1: Base on Balls
|
|
Batting: RHB Tim Cordle
|
0-0: Foul Ball, location: 2F 0-1: SINGLE (Groundball, P, EV 91.2 MPH) (infield hit) Robert Santiago to second
|
|
Batting: RHB David Herrera
|
0-0: Called Strike 0-1: Ball 1-1: Ball 2-1: Swinging Strike 2-2: Foul Ball, location: 2F 2-2: Grounds into double play, 4-6-3 (Groundball, 4, EV 91.2 MPH)
|
| Bottom of the 6th over - 0 runs, 1 hit, 0 errors, 1 left on base; Omaha 1 - Nashville 0 |
| TOP OF THE 7TH |
|
Omaha Storm Chasers batting - Pitching for Nashville Sounds : RHP Carlos Alaniz
|
|
Batting: LHB Shigeru Ono
|
0-0: Fly out, F8 (Line Drive, 8RM, EV 90.0 MPH)
|
|
Batting: RHB Ken Postlethwaite
|
0-0: Ball 1-0: Swinging Strike 1-1: Ground out 5-3 (Groundball, 56, EV 86.2 MPH)
|
|
Batting: RHB Danny Weisse
|
0-0: Ball 1-0: Called Strike 1-1: Ground out 1-3 (Groundball, 15S, EV 69.4 MPH)
|
| Top of the 7th over - 0 runs, 0 hits, 0 errors, 0 left on base; Omaha 1 - Nashville 0 |
| BOTTOM OF THE 7TH |
|
Nashville Sounds batting - Pitching for Omaha Storm Chasers : RHP Gan Ts'ong
|
|
Pitching: LHP Francisco de la Torre
|
|
|
Batting: LHB Tomas Segarra
|
0-0: Fly out, F9 (Line Drive, 89M, EV 106.2 MPH)
|
|
Batting: RHB Ryan Kinkead
|
0-0: Foul Ball, location: 2F 0-1: Called Strike 0-2: Ball 1-2: Ball 2-2: Ball 3-2: SINGLE (Groundball, 34D, EV 99.4 MPH)
|
|
Batting: SHB D.J. Codd
|
0-0: Called Strike 0-1: Ball 1-1: Called Strike 1-2: Ball 2-2: Ball 3-2: Strikes out swinging
|
|
Batting: RHB Robby Godwin
|
0-0: Ball 1-0: Ball 2-0: Ball 3-0: Base on Balls Ryan Kinkead to second
|
|
Pinch Runner at 2nd Eduardo Chavez:
|
|
|
Batting: LHB Gregg Power
|
0-0: Called Strike 0-1: Fly out, F8 (Flyball, 78M, EV 90.6 MPH)
|
| Bottom of the 7th over - 0 runs, 1 hit, 0 errors, 2 left on base; Omaha 1 - Nashville 0 |
| TOP OF THE 8TH |
|
Omaha Storm Chasers batting - Pitching for Nashville Sounds : RHP Carlos Alaniz
|
|
Now at 2B: Eduardo Chavez
|
|
|
Batting: SHB Francisco Gutierrez
|
0-0: DOUBLE (Flyball, 8LXD, EV 98.8 MPH)
|
|
Batting: LHB Danny Bailey
|
0-0: Foul Ball, location: 2F 0-1: Fly out, F9 (Line Drive, 9, EV 96.9 MPH)
|
|
Batting: RHB Yuichi Takata
|
0-0: Swinging Strike 0-1: Called Strike 0-2: Ball 1-2: Ball 2-2: Foul Ball, location: 2F 2-2: Foul Ball, location: 2F 2-2: Ball 3-2: Fly out, F7 (Line Drive, 7S, EV 109.4 MPH)
|
|
Batting: RHB Kevin Roseen
|
0-0: Ball 1-0: Foul Ball, location: 2F 1-1: Ball 2-1: Ball 3-1: Foul Ball, location: 2F 3-2: Ground out 4-3 (Groundball, 4, EV 101.9 MPH)
|
| Top of the 8th over - 0 runs, 1 hit, 0 errors, 1 left on base; Omaha 1 - Nashville 0 |
| BOTTOM OF THE 8TH |
|
Nashville Sounds batting - Pitching for Omaha Storm Chasers : LHP Francisco de la Torre
|
|
Pitching: RHP Rich Frontczak
|
|
|
Batting: RHB Jeff Garofalo
|
0-0: Ball 1-0: Ball 2-0: Ball 3-0: Called Strike 3-1: Base on Balls
|
|
Pitching: LHP Yorinobu Noguchi
|
|
|
Batting: SHB Robert Santiago
|
0-0: Ball 1-0: Foul Ball, location: 2F 1-1: Ball 2-1: Fielders Choice at 2nd, 1-6 (Groundball, 34S, EV 66.2 MPH)
|
|
Batting: RHB Tim Cordle
|
0-0: Ball 1-0: Foul Ball, location: 2F 1-1: Foul Ball, location: 2F 1-2: Ball 2-2: Hit by Pitch Robert Santiago to second
|
|
Batting: RHB David Herrera
|
0-0: Called Strike 0-1: SINGLE (Line Drive, 89S, EV 105.6 MPH) Robert Santiago to third Tim Cordle to second
|
|
Batting: LHB Tomas Segarra
|
0-0: Ball 1-0: Called Strike 1-1: Ball 2-1: Ball 3-1: Grounds into double play, 5-2-3 (Groundball, 6, EV 81.9 MPH)
|
| Bottom of the 8th over - 0 runs, 1 hit, 0 errors, 2 left on base; Omaha 1 - Nashville 0 |
| TOP OF THE 9TH |
|
Omaha Storm Chasers batting - Pitching for Nashville Sounds : RHP Carlos Alaniz
|
|
Batting: LHB Jim Pankratz
|
0-0: Swinging Strike 0-1: Ground out 6-3 (Groundball, 6, EV 85.0 MPH)
|
|
Batting: RHB Taisei Fujii
|
0-0: Ground out 4-3 (Groundball, 4, EV 81.2 MPH)
|
|
Batting: LHB Shigeru Ono
|
0-0: Called Strike 0-1: Foul Ball, location: 2F 0-2: Ball 1-2: Foul Ball, location: 2F 1-2: SINGLE (Groundball, 56D, EV 101.9 MPH)
|
|
Pitching: RHP Jesus Gonzales
|
|
|
Batting: RHB Ken Postlethwaite
|
0-0: Foul Ball, location: 2F 0-1: Swinging Strike 0-2: Ball 1-2: Foul Ball, location: 2F 1-2: Strikes out swinging
|
| Top of the 9th over - 0 runs, 1 hit, 0 errors, 1 left on base; Omaha 1 - Nashville 0 |
| BOTTOM OF THE 9TH |
|
Nashville Sounds batting - Pitching for Omaha Storm Chasers : LHP Yorinobu Noguchi
|
|
Pitching: RHP Jon Griffin
|
|
|
Batting: RHB Eduardo Chavez
|
0-0: Called Strike 0-1: SINGLE (Groundball, 56, EV 110.0 MPH) (infield hit)
|
|
Batting: SHB D.J. Codd
|
0-0: Ball 1-0: Swinging Strike 1-1: Called Strike 1-2: Grounds into double play, 1-4-3 (Groundball, 15S, EV 67.5 MPH)
|
|
Batting: RHB Robby Godwin
|
0-0: Ball 1-0: Ball 2-0: Ground out 6-3 (Groundball, 6, EV 101.2 MPH)
|
| Bottom of the 9th over - 0 runs, 1 hit, 0 errors, 0 left on base; Omaha 1 - Nashville 0 |
|